AoeStats
← Optimal

Arabia

509573527Analyzed
1v1 RM · 3d ago on Sep 27, 2026· 45m 10s· 2 players
Game mode
Random Map
Map size
Tiny (2 player)
Population
200
Speed
Normal
Resources
Standard
Victory
Conquest
Starting age
Dark Age
Ending age
Imperial Age
RankedLock teamsTeams togetherTeam positionsShared explorationLock speedFull tech treeHidden civsTurbo modeCheats
Victory
Defeat
🇨🇴 Mongols · Colombia
1076
+15
🇫🇷 Magyars · France
1045
-15
Optimal
9:28 Loom
11:14 Feudal Age
16:53 Castle Age
15:26 Double-Bit Axe
15:47 Horse Collar
17:33 Bloodlines
21:33 Scale Barding Armor
24:21 Wheelbarrow
24:59 Husbandry
25:39 Chain Barding Armor
26:54 Pikeman
27:36 Scale Mail Armor
27:56 Bow Saw
27:39 Stone Mining
30:59 Chain Mail Armor
36:15 Imperial Age
36:02 Heavy Plow
35:56 Gold Mining
36:32 Cavalier
37:51 Plate Barding Armor
37:48 Halberdier
41:53 Fletching
41:54 Elite Skirmisher
45:19 Chemistry
44:17 Bodkin Arrow
BunkeroXcomm
6:25 Loom
8:45 Feudal Age
9:25 Double-Bit Axe
9:24 Horse Collar
10:40 Wheelbarrow
12:50 Forging
16:21 Wheelbarrow
20:47 Castle Age
19:06 Gold Mining
19:41 Bloodlines
20:05 Scale Barding Armor
21:54 Chain Barding Armor
27:33 Fervor
29:21 Iron Casting
29:15 Husbandry
29:52 Bow Saw
29:43 Heavy Plow
30:55 Thumb Ring
30:45 Fletching
32:01 Padded Archer Armor
36:37 Imperial Age
34:48 Ballistics
36:53 Bodkin Arrow
38:07 Parthian Tactics
39:10 Chemistry
38:58 Heavy Cavalry Archer
40:00 Heavy Camel Rider
42:25 Hand Cart
43:16 Bracer
44:22 Leather Archer Armor
43:48 Light Cavalry
44:37 Hussar
Connection lost

Rejoining the realm…

Still unreachable

The connection could not be restored.

Session expired

The server has moved on; the page needs a fresh start.